AoeStats
← Rodrigo Lao Tse

Migration

508646002Analyzed
1v1 RM · 9d ago on Sep 23, 2026· 32m 15s· 2 players
Game mode
Random Map
Map size
132×132
Population
200
Speed
Normal
Resources
Standard
Victory
Conquest
Starting age
Dark Age
Ending age
Imperial Age
RankedLock teamsTeams togetherTeam positionsShared explorationLock speedFull tech treeHidden civsTurbo modeCheats
Victory
Defeat
🇨🇳 Teutons · China
925
+15
🇨🇱 Maya · Chile
907
-15
Rodrigo Lao Tse
0:26 Loom
11:59 Feudal Age
13:17 Stone Mining
17:16 Double-Bit Axe
20:49 Horse Collar
25:10 Castle Age
26:42 Wheelbarrow
25:53 Town Watch
26:14 Scale Mail Armor
30:04 Hand Cart
34:30 Imperial Age
32:19 Chain Mail Armor
a进哥哥
0:48 Loom
10:15 Feudal Age
21:01 Castle Age
22:52 Scale Mail Armor
22:43 Fletching
23:06 Forging
22:50 Double-Bit Axe
27:46 Demolition Ship
29:54 Wheelbarrow
30:05 Bow Saw
31:11 Town Watch
31:59 Horse Collar
Connection lost

Rejoining the realm…

Still unreachable

The connection could not be restored.

Session expired

The server has moved on; the page needs a fresh start.